 Dungeon Crawl Stone Soup version 0.28-a0-1504-g839a4452db (console) character file.

Game seed: 12293797042938645484

50 Banquo the Chopper (level 3, -1/33 HPs)
             Began as a Hill Orc Cinder Acolyte on Jan 13, 2022.
             Was a High Priest of Ignis.
             Slain by an orc wizard (2 damage)
             ... on level 3 of the Dungeon.
             The game lasted 00:06:04 (2339 turns).

Banquo the Chopper (Hill Orc Cinder Acolyte)        Turns: 2339, Time: 00:06:05

Health: -1/33      AC:  2    Str: 16    XL:     3   Next: 79%
Magic:  4/4        EV: 11    Int: 22    God:    Ignis [*****.]
Gold:   62         SH:  0    Dex:  6    Spells: 2/4 levels left

rFire   + . .      SeeInvis .   a - -1 hand axe (flame)
rCold   . . .      Faith    .   (no shield)
rNeg    . . .      Spirit   .   d - +0 robe
rPois   .          Reflect  .   h - +0 hat
rElec   .          Harm     .   (no cloak)
rCorr   .          Rampage  .   (no gloves)
Will    .....                   (no boots)
Stlth   +.........              (no amulet)
HPRegen 0.11/turn               f - +6 ring of intelligence
MPRegen 0.09/turn               (no ring)

@: no status effects
A: no striking features
a: Renounce Religion, Fiery Armour, Foxfire Swarm, Rising Flame


You were on level 3 of the Dungeon.
You worshipped Ignis.
Ignis was extremely pleased with you.
You visited 1 branch of the dungeon, and saw 3 of its levels.

You collected 107 gold pieces.
You spent 45 gold pieces at shops.

Inventory:

Hand Weapons
 a - a -1 hand axe of flaming (weapon)
 b - a +0 war axe
Missiles
 c - 93 stones (quivered)
Armour
 d - a +0 robe (worn)
 h - a +0 hat (worn)
Jewellery
 f - a +6 ring of intelligence (left hand)
Scrolls
 l - a scroll of magic mapping
 m - a scroll of teleportation
Potions
 g - a potion of lignification
 j - a potion of curing


   Skills:
 + Level 3.8 Fighting
 * Level 5.2 Axes
 + Level 0.3 Dodging
 * Level 1.3 Spellcasting
 * Level 3.6 Fire Magic


You had 2 spell levels left.
You knew the following spells:

 Your Spells              Type           Power      Damage    Failure   Level
z - Scorch                Fire           34%        2d6       4%          2

Your spell library contained the following spells:

 Spells                   Type           Power      Damage    Failure   Level
 Animate Skeleton         Necr           2%         N/A       16%         1
 Apportation              Tloc           2%         N/A       16%         1
 Summon Small Mammal      Summ           4%         N/A       16%         1


Dungeon Overview and Level Annotations

Branches:
Dungeon (3/15)

Altars:

Shops:
D:2 *


Message History

You hit the orc wizard but do no damage.
The orc wizard hits you with a +0 dagger.
The orc hits you with a +0 flail. The orc barely misses you.
You hit the orc. You burn the orc.
You kill the orc!
You hit the orc. You burn the orc. You miss the orc wizard.
The orc wizard points at you and mumbles some strange words.
The puff of flame hits you. You resist.
You hit the orc. You burn the orc.
You kill the orc!
You closely miss the orc wizard. You hit the orc. You burn the orc.
The orc wizard closely misses you. The orc closely misses you.
The orc wizard hits you with a +0 dagger.
You hit the orc. You burn the orc.
You kill the orc!
You closely miss the orc wizard.
The orc wizard points at you and mumbles some strange words.
You are confused.
You are too confused!
You are too confused!
Unknown command.
The orc wizard closely misses you. The orc hits you with a +0 mace.
The orc wizard closely misses you.
You're too confused to move!
The orc hits you with a +0 mace!
The orc wizard hits you with a +0 dagger.
* * * LOW HITPOINT WARNING * * *
The orc wizard hits you with a +0 dagger.
* * * LOW HITPOINT WARNING * * *
You closely miss the orc wizard. Your punch misses the orc wizard.
You miss the orc.
You feel less confused. The orc barely misses you.
The orc wizard casts a spell.
The orc wizard flickers and vanishes!
Deactivating autopickup; reactivate with Ctrl-A.
You closely miss something. You closely miss the orc.
The orc hits you with a +0 mace.
* * * LOW HITPOINT WARNING * * *
Something hits you.
You die...

....................
.....#.............
#.#...............
###.................
............#......
##.##.......#..##..
##..))....#....#
###....{###......#
#......o@.####....
#...#.....# ..##
......#.....# # ....
#†>...# .##
.$......$#
...#.....###
#...#.....# #..
#.....# .... ......#


You could see an orc.

Vanquished Creatures
  An adder (D:2)
  A worm (D:3)
  3 orcs (D:3)
  3 ball pythons
  8 endoplasms
  4 goblins
  A hobgoblin (D:2)
  4 kobolds
  A quokka (D:3)
  2 bats
  2 frilled lizards
  2 rats (D:1)
32 creatures vanquished.

Notes
Turn   | Place    | Note
-------+----------+-------------------------------------------
     0 | D:1      | Banquo the Hill Orc Cinder Acolyte began the quest for the
                  | Orb.
     0 | D:1      | Reached XP level 1. HP: 19/19 MP: 2/2
   175 | D:1      | Found a faded altar of an unknown god.
   592 | D:1      | Reached XP level 2. HP: 26/26 MP: 3/3
   595 | D:1      | Learned a level 2 spell: Scorch
  1063 | D:2      | Reached skill level 5 in Axes
  1436 | D:2      | Reached XP level 3. HP: 33/33 MP: 2/4
  1628 | D:2      | Found Nyfuugy's General Store.
  1638 | D:2      | Bought a scroll of magic mapping for 45 gold pieces
  2339 | D:3      | HP: 1/33 [orc (5)]
  2339 | D:3      | Slain by an orc wizard

Illustrated notes

Levels and vault maps discovered:
D:1:      minmay_arrival_wavy_path, layout_rooms,
          hellmonk_ecumenical_altar_run_dry
D:2:      layout_loops_ring, serial_shops, shop, chequers_decorated_corner
D:3:      layout_rooms

Skill      XL: |  1  2 |
---------------+-------+-----
Axes           | 5 |  5.2
Fighting       | |  3.8
Dodging        | |  0.3
Spellcasting   | |  1.3
Fire Magic     | |  3.6

Action                   || total
-------------------------++-------
Melee: Hand axe          ||    93
       Punch             ||     1
 Cast: Scorch            ||    12
  Use: Scroll            ||     5
       Potion            ||     1
Armor: Robe              ||    22
Dodge: Dodged            ||    63

Table legend: (Time is in decaauts)
 A = Elapsed time spent in this place.
 B = Non-inter-level travel time spent in this place.
 C = Inter-level travel time spent in this place.
 D = Time resting spent in this place.
 E = Time spent auto-exploring this place.
 F = Levels seen in this place.
 G = Mean time per level.
                   A        B        C        D        E       F      G
               +--------+--------+--------+--------+--------+-----+--------+
         Total |   2347 |   2149 |    198 |    325 |   1520 |   3 |  782.3 |
       Dungeon |   2347 |   2149 |    198 |    325 |   1520 |   3 |  782.3 |
               +--------+--------+--------+--------+--------+-----+--------+

Top non-repeatable levels by time:
     D:2: 1287 daAuts
     D:1: 862 daAuts
     D:3: 197 daAuts
